AoeStats
← Tierra y Libertad

Arabia

505266370Analyzed
1v1 RM · 25d ago on Sep 8, 2026· 58m 35s· 2 players
Game mode
Random Map
Map size
Tiny (2 player)
Population
200
Speed
Normal
Resources
Standard
Victory
Conquest
Starting age
Dark Age
Ending age
Imperial Age
RankedLock teamsTeams togetherTeam positionsShared explorationLock speedFull tech treeHidden civsTurbo modeCheats
Victory
Defeat
🇫🇷 Sicilians · France
777
+15
🇹🇷 Saracens · Türkiye
752
-15
Tierra y Libertad
7:00 Loom
10:08 Feudal Age
12:23 Double-Bit Axe
15:58 Castle Age
14:45 Gold Mining
14:46 Horse Collar
22:01 Bow Saw
23:37 Heavy Plow
38:25 Ballistics
47:19 Wheelbarrow
52:30 Murder Holes
53:50 Gold Shaft Mining
wesborland
10:41 Feudal Age
11:09 Horse Collar
11:16 Double-Bit Axe
14:03 Scale Mail Armor
15:56 Loom
19:33 Wheelbarrow
24:27 Castle Age
23:07 Arson
26:08 Squires
26:26 Chain Mail Armor
26:21 Forging
27:24 Pikeman
31:47 Imperial Age
30:42 Iron Casting
34:39 Hand Cart
35:59 Stone Mining
35:59 Gold Mining
40:57 Plate Mail Armor
41:28 Blast Furnace
42:13 Stone Shaft Mining
42:14 Gold Shaft Mining
42:08 Elite Serjeant
44:22 Scale Barding Armor
44:32 Husbandry
43:53 Cavalier
44:44 Bloodlines
49:12 Hauberk
49:28 Conscription
49:58 Bow Saw
49:51 Heavy Plow
49:20 Halberdier
54:17 Chain Barding Armor
54:35 Hoardings
Connection lost

Rejoining the realm…

Still unreachable

The connection could not be restored.

Session expired

The server has moved on; the page needs a fresh start.